 Dungeon Crawl Stone Soup version 0.29-a0-870-g2c972031a6 (webtiles) character file.

Game seed: 15071354149726809418

56116 LynnLen the Imperceptible (level 14, -7/88 HPs)
             Began as a Vampire Enchanter on July 18, 2022.
             Was a High Priest of Dithmenos.
             Mangled by a skeletal warrior
             ... wielding a +0 halberd
              (10 damage)
             ... on level 12 of the Dungeon.
             The game lasted 01:26:35 (26029 turns).

LynnLen the Imperceptible (Vampire Enchanter)      Turns: 26029, Time: 01:26:36

Health: -7/88      AC: 25    Str:  6    XL:     14   Next: 40%
Magic:  18/18      EV: 19    Int: 17    God:    Dithmenos [*****.]
Gold:   130        SH: 13    Dex: 23    Spells: 9/17 levels left

rFire   . . .      SeeInvis +   U - +8 Vampire's Tooth {vamp}
rCold   + + .      Faith    .   C - +0 tower shield {AC+3}
rNeg    + + +      Spirit   .   S - +0 acid dragon scales
rPois   ∞          Reflect  .   b - +0 helmet
rElec   +          Harm     .   s - +2 cloak {Stlth+}
rCorr   +          Rampage  .   l - +1 pair of gloves {hurl}
Will    +....                   J - +2 pair of boots Stlth *********+
                                (no amulet)
HPRegen 0.00/turn               r - ring of Anen {rElec AC+4}
MPRegen 0.16/turn               o - +4 ring of evasion

@: bloodless, inhibited regen, wreathed by umbra
A: bloodless, fangs 3, see invisible, vampiric 2, agile 1, high MP 1
a: Bat Form, Revivify, Renounce Religion, Shadow Step, Shadow Form


You were on level 12 of the Dungeon.
You worshipped Dithmenos.
Dithmenos was extremely pleased with you.
You visited 2 branches of the dungeon, and saw 17 of its levels.
You visited 1 bazaar.
You also visited: Ossuary and Bailey.

You collected 1219 gold pieces.
You spent 1089 gold pieces at shops.

Inventory:

Hand Weapons
 U - the +8 Vampire's Tooth (weapon) {vamp}
   (You bought it in a shop in a bazaar)

   It occasionally heals its wielder for the full amount of damage dealt when it
   wounds a living foe.
Missiles
 i - 8 curare-tipped darts
 n - 63 poisoned darts
 w - 2 throwing nets (quivered)
 G - 14 boomerangs
Armour
 b - a +0 helmet (worn)
 l - a +1 pair of gloves of hurling (worn)
 s - a +2 cloak of stealth (worn)
 t - +0 storm dragon scales
 C - a +0 tower shield of protection (worn)
 J - a +2 pair of boots (worn)
 S - +0 acid dragon scales (worn)
Jewellery
 a - an amulet of faith
 c - a +4 ring of slaying
 f - a ring of protection from fire
 k - a ring of poison resistance
 o - a +4 ring of evasion (right hand)
 q - a ring of protection from fire
 r - the ring of Anen (left hand) {rElec AC+4}
   (You acquired it on level 4 of the Dungeon)

   [ring of protection]

   AC:        It affects your AC (+4).
   rElec:     It insulates you from electricity.
 F - an amulet of magic regeneration
 H - a ring of willpower
 T - a +6 ring of intelligence
Wands
 d - a wand of iceblast (19)
 B - a wand of digging (6)
 E - a wand of paralysis (18)
 K - a wand of light (7)
 R - a wand of flame (46)
Scrolls
 j - a scroll of summoning
 v - 3 scrolls of brand weapon
 x - 7 scrolls of teleportation
 y - 2 scrolls of fear
 D - a scroll of vulnerability
 L - 5 scrolls of amnesia
 M - 2 scrolls of poison
 P - 6 scrolls of immolation
Potions
 e - 5 potions of mutation
 g - a potion of cancellation
 h - a potion of lignification
 p - a potion of flight
 u - 5 potions of brilliance
 z - 2 potions of curing
 A - a potion of haste
 I - a potion of attraction
 N - 2 potions of berserk rage


   Skills:
 * Level 10.3 Fighting
 - Level 10.0 Short Blades
 * Level 7.0 Armour
 + Level 13.1 Dodging
 + Level 21.8 Stealth
 - Level 2.0 Spellcasting
 * Level 10.5 Hexes


You had 9 spell levels left.
You knew the following spells:

 Your Spells              Type           Power      Damage    Failure   Level
a - Confusing Touch       Hex            37%        N/A       26%         3
b - Tukima's Dance        Hex            37%        N/A       26%         3
c - Ensorcelled Hibernat  Hex/Ice        38%        N/A       75%         2

Your spell library contained the following spells:

 Spells                   Type           Power      Damage    Failure   Level
 Dazzling Flash           Conj/Hex       38%        N/A       92%         3
 Apportation              Tloc           2%         N/A       100%        1
 Necrotise                Necr           4%         1d4       100%        1
 Summon Small Mammal      Summ           4%         N/A       100%        1
 Conjure Flame            Conj/Fire      1%         6-21      100%        3
 Gell's Gravitas          Tloc           1%         N/A       100%        3
 Ignite Poison            Fire/Tmut/Pois 1%         N/A       100%        3
 Lesser Beckoning         Tloc           1%         N/A       100%        3
 Ozocubu's Armour         Ice            1%         N/A       100%        3
 Teleport Other           Tloc           1%         N/A       100%        3
 Sticky Flame             Conj/Fire      1%         2d3       100%        4
 Yara's Violent Unravell  Hex/Tmut       9%         3d6       100%        5
 Enfeeble                 Hex            18%        N/A       100%        7
 Ozocubu's Refrigeration  Ice            0%         4d5       100%        7


Dungeon Overview and Level Annotations

Branches:
Dungeon (12/15)            Temple (0/1) D:4            Lair (5/5) D:8
  Swamp (0/4) Lair:3       Spider (0/4) Lair:2        Slime (0/5) Lair:5
    Orc (0/2) D:9         Ossuary (visited)          Bailey (visited)

Altars:
Ashenzari
Dithmenos
Gozag
Kikubaaqudgha
Makhleb
Ru
Trog
Uskayaw
Vehumet
Xom
Yredelemnul
Jiyva

Shops:
D:5 [

Annotations:
D:4 1 runed translucent door, gdog's ghost, amateur GnDe
Lair:4 exclusion: oklob plant
Lair:5 1 runed translucent door, exclusion: obsidian statue


Innate Abilities, Weirdness & Mutations

You do not regenerate when monsters are visible.
You are frail without blood (-20% HP).
You can heal yourself when you bite living creatures.
You are immune to poison.
You have razor-sharp teeth.
You have supernaturally acute eyesight. (SInv)
You are afflicted with vampirism and can become a bat while bloodless.
You are agile. (Dex +4, Str/Int -1)
You have an increased reservoir of magic. (+10% MP)


Message History

You hit the skeletal warrior but do no damage.
The skeletal warrior is lightly damaged.
The skeletal warrior hits you with a +0 halberd!
* * * LOW HITPOINT WARNING * * *
You hit the skeletal warrior but do no damage.
The skeletal warrior is lightly damaged.
You hit the skeletal warrior but do no damage.
The skeletal warrior is lightly damaged.
You block the skeletal warrior's attack.
You completely miss the skeletal warrior.
The skeletal warrior is lightly damaged.
You block the skeletal warrior's attack.
You hit the skeletal warrior but do no damage.
Your bite misses the skeletal warrior.
The skeletal warrior is lightly damaged.
The skeletal warrior closely misses you.
You hit the skeletal warrior but do no damage.
You bite the skeletal warrior, but do no damage.
The skeletal warrior is lightly damaged.
Your hands stop glowing.
You closely miss the skeletal warrior.
The skeletal warrior is lightly damaged.
The skeletal warrior hits you with a +0 halberd!!
* * * LOW HITPOINT WARNING * * *
Okay, then.
Okay, then.
You can't see any enemies this would affect, really read the scroll of fear?
Okay, then.
As you read the scroll of fog, it crumbles to dust.
The scroll dissolves into smoke.
You block the skeletal warrior's attack.
You block the skeletal warrior's attack.
Throw: 3 throwing nets
Press: ? - help, Q - select action, (/) - cycle Shift-Dir - straight line, f - skeletal warrior
Aim: a skeletal warrior, wielding a +0 halberd (lightly damaged, umbra, 71% to hit)
You throw a throwing net.
The throwing net barely misses the skeletal warrior.
You block the skeletal warrior's attack.
The skeletal warrior hits you from afar with a +0 halberd!
You die...

#..# #..).# #.##§#
.. #.. #.##
#.#.####.##§# #.
#># #.#
#.#......##§# #.
#.. ..#
#.##..#####§# #.
#.. .## #.##..# #.#
#.####.. .# #.##..#
#.# #....... .###
##.....#####z#
####..#.##
...###...##.....#.#
###....##.#
##...#...######.@.#
#...##.##.#
###.....#
########.####.##.#
##..#.#### ##...#
#.##.# #.##....#
##..### #..#.#
#[#####.# ##..##
##.#.# #.# #.#
#..## .... #.#
#.#####.## .. #.#
#..†.†..# #.#
#########


You could see a skeletal warrior.

Vanquished Creatures
  2 dire elephants (Lair:5)
  2 vault guards (Bailey)
  Harold (D:10)
  3 hydras
  A catoblepas (Lair:3)
  Erica (D:8)
  2 centaur warriors
  2 death yaks (Lair:5)
  A two-headed ogre (D:12)
  Urug (D:11)
  Sonja (Lair:5)
  2 skeletal warriors (D:12)
  Nergalle (D:11)
  A spectral death yak (Lair:5)
  A spectral anaconda (Lair:5)
  Pikel (D:6)
  4 necromancers (Lair:5)
  A cyclops (D:12)
  A black mamba (Lair:3)
  22 elephants
  Maggie (D:7)
  16 cane toads
  2 kobold demonologists (D:11)
  An unseen horror (D:7)
  11 komodo dragons
  4 rime drakes
  2 trolls
  6 polar bears
  A tyrant leech (Lair:3)
  3 spectral elephants (Lair:5)
  Prince Ribbit (Bailey)
  8 blink frogs
  5 jumping spiders (Lair:2)
  A shadow (D:9)
  46 yaks
  3 culicivoras (Lair:2)
  3 wyverns
  6 humans (Bailey)
  2 basilisks
  A death yak simulacrum (Lair:5)
  A redback (Lair:2)
  2 steam dragons
  3 vampire mosquitoes (D:12)
  A swamp worm (Lair:3)
  3 wargs (D:8)
  2 acid dragons
  15 water moccasins
  2 orc warriors
  An ice beast (D:7)
  A sky beast (D:8)
  9 black bears (Lair:2)
  3 centaurs
  2 elephant skeletons (Lair:5)
  9 wolves
  A phantom (D:5)
  7 kobold brigands
  A gnoll sergeant (D:10)
  A necrophage (D:6)
  22 bullfrogs
  5 scorpions
  An elephant simulacrum (Lair:5)
  7 killer bees (D:9)
  2 electric eels (D:8)
  5 howler monkeys
  4 centaur zombies (Ossuary)
  3 hounds (D:4)
  4 orc priests
  4 jellies
  A gnoll bouda (D:4)
  7 iguanas
  Ijyb (D:3)
  11 orc wizards
  2 mummies (Ossuary)
  13 gnolls
  12 adders
  3 white imps
  2 ufetubi
  3 worms
  6 dart slugs
  27 orcs
  8 ball pythons
  7 bats
  8 endoplasms
  5 giant cockroaches
  10 goblins
  8 hobgoblins
  6 jackals
  40 kobolds
  4 quokkas
  4 frilled lizards
  2 gnoll zombies (Ossuary)
  3 goblin zombies (Ossuary)
  2 hobgoblin zombies (Ossuary)
  3 orc zombies (Ossuary)
  9 rats
502 creatures vanquished.

Vanquished Creatures (others)
  A dancing weapon (D:6)
  17 fungi
  17 plants
  28 withered plants
63 creatures vanquished.

Grand Total: 565 creatures vanquished

Notes
Turn   | Place    | Note
-------+----------+-------------------------------------------
     0 | D:1      | LynnLen the Vampire Enchanter began the quest for the Orb.
     0 | D:1      | Reached XP level 1. HP: 13/13 MP: 3/3
   314 | D:1      | Reached XP level 2. HP: 12/16 MP: 5/5
   558 | D:1      | Reached skill level 5 in Stealth
   707 | D:1      | Reached skill level 1 in Fighting
   847 | D:1      | Gained mutation: You are afflicted with vampirism and can
                  | become a bat while bloodless. [Vampire growth]
   847 | D:1      | Reached XP level 3. HP: 20/20 MP: 6/6
  1116 | D:2      | Learned a level 3 spell: Confusing Touch
  1120 | D:2      | Learned a level 3 spell: Tukima's Dance
  1257 | D:2      | Found a faded altar of an unknown god.
  1367 | D:2      | Reached skill level 6 in Stealth
  1367 | D:2      | Reached XP level 4. HP: 25/25 MP: 7/7
  2133 | D:3      | Noticed Ijyb
  2138 | D:3      | Killed Ijyb
  2448 | D:3      | Found an opulent altar of Gozag.
  2473 | D:3      | Reached XP level 5. HP: 26/29 MP: 8/8
  2637 | D:3      | Found a shadowy altar of Dithmenos.
  2641 | D:3      | Became a worshipper of Dithmenos the Shadowed
  2728 | D:4      | Found an ancient bone altar of Kikubaaqudgha.
  2938 | D:4      | Reached skill level 7 in Stealth
  2963 | D:4      | Reached XP level 6. HP: 35/35 MP: 6/9
  2980 | D:4      | Noticed a wyvern
  3177 | D:4      | Found a staircase to the Ecumenical Temple.
  3264 | D:4      | Learned a level 2 spell: Ensorcelled Hibernation
  3660 | D:4      | Found a runed translucent door.
  3663 | D:4      | Noticed gdog's ghost (amateur GnDe)
  3733 | D:4      | Reached skill level 5 in Short Blades
  4345 | D:4      | Reached * piety under Dithmenos
  4352 | D:4      | Reached XP level 7. HP: 40/40 MP: 10/10
  4356 | D:4      | Killed a wyvern
  4431 | D:4      | Identified a scroll of acquirement
  4431 | D:4      | Acquired the ring of Anen {rElec AC+4}
  4459 | D:5      | Entered Level 5 of the Dungeon
  4459 | D:5      | Found Ludius's Antique Armour Shoppe.
  4749 | D:4      | Reached skill level 8 in Stealth
  5239 | D:5      | Found a broken altar of Ashenzari.
  5239 | D:5      | Found a sacrificial altar of Ru.
  5706 | D:5      | Reached XP level 8. HP: 46/46 MP: 11/11
  5794 | D:5      | HP: 1/46 [phantom (3)]
  6623 | D:5      | Gained mutation: You have an increased reservoir of magic.
                  | (+10% MP) [potion of mutation]
  6623 | D:5      | Gained mutation: You are agile. (Dex +4, Str/Int -1)
                  | [potion of mutation]
  6738 | D:5      | Bought a pair of glowing gloves for 210 gold pieces
  6804 | D:6      | Reached skill level 9 in Stealth
  6814 | D:6      | Found a sand-covered staircase.
  6816 | D:6      | Noticed Pikel
  6823 | Ossuary  | Entered an ossuary
  7516 | D:5      | Bought a glowing cloak for 210 gold pieces
  7583 | D:6      | Found a bloodstained altar of Trog.
  7699 | D:6      | Killed Pikel
  7700 | D:6      | Reached skill level 5 in Dodging
  7700 | D:6      | Reached skill level 10 in Stealth
  7712 | D:6      | Reached ** piety under Dithmenos
  7769 | D:6      | Found a basalt altar of Yredelemnul.
  7867 | D:6      | Reached XP level 9. HP: 47/52 MP: 13/13
  8032 | D:6      | Found a shimmering altar of Xom.
  8254 | D:6      | Found a hide-covered altar of Uskayaw.
  8535 | D:7      | Noticed Maggie
  8568 | D:7      | Killed Maggie
  8569 | D:7      | Reached skill level 5 in Fighting
  8881 | D:7      | Noticed an unseen horror
  8965 | D:7      | Killed an unseen horror
  8966 | D:7      | Reached skill level 11 in Stealth
  9264 | D:7      | Reached *** piety under Dithmenos
  9926 | D:8      | Found a flagged portal.
  9945 | Bailey   | Entered a bailey
  9999 | Bailey   | Reached skill level 10 in Short Blades
  9999 | Bailey   | Reached skill level 12 in Stealth
  9999 | Bailey   | Reached XP level 10. HP: 22/60 MP: 10/14
 10224 | Bailey   | Reached skill level 13 in Stealth
 10235 | Bailey   | Noticed Prince Ribbit
 10238 | Bailey   | Noticed a vault guard
 10266 | Bailey   | Killed a vault guard
 10276 | Bailey   | Killed Prince Ribbit
 10297 | Bailey   | Reached skill level 14 in Stealth
 10337 | Bailey   | Noticed a vault guard
 10381 | Bailey   | Killed a vault guard
 10382 | Bailey   | Reached skill level 1 in Armour
 10529 | D:8      | Found a staircase to the Lair.
 10643 | D:8      | Reached skill level 5 in Hexes
 10800 | D:8      | Reached XP level 11. HP: 60/66 MP: 9/15
 10813 | D:8      | Reached **** piety under Dithmenos
 11569 | D:8      | Noticed Erica
 11579 | D:8      | Killed Erica
 11795 | D:9      | Reached skill level 15 in Stealth
 12367 | D:8      | Found a burning altar of Makhleb.
 12538 | Lair:1   | Entered Level 1 of the Lair of Beasts
 13559 | Lair:1   | Reached skill level 10 in Dodging
 13670 | Lair:1   | Reached skill level 16 in Stealth
 14524 | Lair:2   | Reached XP level 12. HP: 73/73 MP: 16/16
 14525 | Lair:2   | Reached skill level 17 in Stealth
 15025 | Lair:2   | Found a hole to the Spider Nest.
 15150 | Lair:2   | Reached skill level 18 in Stealth
 16025 | Lair:2   | You fall into a shaft and drop 1 floor!
 16987 | Lair:3   | Found a staircase to the Swamp.
 16987 | Lair:3   | Noticed a five-headed hydra
 17508 | Lair:3   | Killed a five-headed hydra
 17508 | Lair:3   | Reached ***** piety under Dithmenos
 17509 | Lair:3   | Reached skill level 5 in Armour
 17836 | Lair:4   | Noticed a catoblepas
 17864 | Lair:3   | Killed a catoblepas
 17926 | Lair:3   | Reached skill level 19 in Stealth
 18086 | Lair:3   | Reached XP level 13. HP: 48/79 MP: 13/17
 19654 | Lair:5   | Entered Level 5 of the Lair of Beasts
 19654 | Lair:5   | Noticed Sonja
 19661 | Lair:5   | Killed Sonja
 20260 | Lair:5   | Found a runed translucent door.
 20261 | Lair:5   | Found a viscous altar of Jiyva.
 20261 | Lair:5   | Noticed an acid blob
 20262 | Lair:5   | Noticed an acid blob
 20264 | Lair:5   | Found a staircase to the Slime Pits.
 20376 | Lair:5   | Reached skill level 20 in Stealth
 20954 | Lair:5   | Noticed a dire elephant
 20955 | Lair:5   | Noticed a dire elephant
 20955 | Lair:5   | Noticed a dire elephant
 20958 | Lair:5   | Noticed a dire elephant
 20965 | Lair:5   | Killed a dire elephant
 21897 | Lair:5   | Killed a dire elephant
 21898 | Lair:5   | Reached skill level 21 in Stealth
 21906 | Lair:5   | Reached XP level 14. HP: 86/87 MP: 18/18
 23202 | D:9      | Reached skill level 10 in Fighting
 23350 | D:9      | Found a staircase to the Orcish Mines.
 23587 | D:10     | Entered Level 10 of the Dungeon
 23743 | D:10     | Noticed Harold
 23747 | D:10     | Killed Harold
 23748 | D:10     | Reached skill level 10 in Hexes
 24385 | D:10     | Found a radiant altar of Vehumet.
 24897 | D:11     | Found the +8 mithril axe "Arga" {speed, Will+}
 24956 | D:11     | Noticed Nergalle
 24963 | D:11     | Killed Nergalle
 25202 | D:11     | Noticed Urug
 25210 | D:11     | Killed Urug
 25620 | D:12     | Found a flickering gateway to a bazaar.
 25643 | Bazaar   | Entered a bazaar
 25668 | Bazaar   | Found Ecookug's Armour Shoppe.
 25687 | Bazaar   | Found Cuny's Antique Armour Shoppe.
 25754 | Bazaar   | Found Fuguc's Weapon Shoppe.
 25754 | Bazaar   | Found Kuafuzili's Antique Weapon Emporium.
 25779 | Bazaar   | Bought the +8 Vampire's Tooth {vamp} for 600 gold pieces
 25779 | Bazaar   | Found the +8 Vampire's Tooth {vamp}
 25847 | Bazaar   | Bought a +0 tower shield of protection for 69 gold pieces
 26018 | D:12     | HP: 2/88 [skeletal warrior/+0 halberd (20)]
 26029 | D:12     | Mangled by a skeletal warrior

Illustrated notes

Levels and vault maps discovered:
D:1:      ebering_trefoil_twist, layout_loops_ring, minivault_24
D:2:      layout_loops_ring, hellmonk_ecumenical_altar_crossroads,
          kennysheep_generic_room_2
D:3:      layout_rooms, marbit_many_paths, mainiacjoe_overflow_paths, uniq_ijyb
D:4:      minmay_clustersquares, layout_basic, kiku_gazebo_garden_becter,
          minmay_temple_entry_statues_fountains, gammafunk_ghost_grave,
          chequers_serial_rivers_micro_b, kennysheep_cross_room
D:5:      layout_layer_cave, jmf_multi_god_temple, serial_shops,
          nicolae_stop_n_shop_1
D:6:      layout_rooms, kennysheep_ying_yang, mainiacjoe_overflow_24_doors,
          kennysheep_little_box, trog_book, nicolae_ossuary_entry_monument,
          uniq_pikel
D:7:      layout_basic, zin_scriptorium, uniq_maggie
D:8:      statuecave_lemuel, layout_basic, bloody_makhleb,
          erik_lair_orcish_takeover, enter_bailey_4, uniq_erica
D:9:      layout_basic, orc_0_dummy
D:10:     layout_basic, mainiacjoe_overflow_catwalk,
          mainiacjoe_overflow_tiny_flanked, hangedman_abyss_or_decor_stagger,
          kennysheep_generic_room_16, uniq_harold
D:11:     layout_gridville, evilmike_butchery, uniq_nergalle, uniq_urug
D:12:     layout_rooms, serial_shops, bzr_entry_water, uniq_fannar
Lair:1:   layout_gridlike, st_stairs_3
Lair:2:   beast_lair_carwin_large_3, layout_cellular_growth,
          nicolae_spider_entry_tight_spaces, ldierk_geyser, minivault_25
Lair:3:   layout_hall_layers, minmay_swamp_entry_worms,
          grunt_forest_small_clearings, chequers_serial_rivers_marsh,
          grunt_megastairs_5
Lair:4:   layout_misc_corridors, lemuel_fruit_tree
Lair:5:   due_jungle_book, layout_hall_layers, slime_entry_2,
          chequers_serial_rivers_large_b, nicolae_quartered_pool_medium,
          uniq_sonja

Skill      XL: |  1  2  3  4  5  6  7  8  9 10 11 12 13 14 |
---------------+-------------------------------------------+-----
Stealth        | 5 6 7 8 10 12 14 16 19 21 | 21.8
Fighting       | 1 2 3 4 5 6 7 8 9 10 | 10.3
Short Blades   | 2 3 4 5 6 8 10 | 10.0
Dodging        | 3 4 5 6 8 10 11 12 13 | 13.1
Armour         | 1 4 5 6 7 |  7.0
Hexes          | 5 7 9 10 | 10.5
Spellcasting   | |  2.0

Action                   |  1- 3 |  4- 6 |  7- 9 | 10-12 | 13-15 || total
-------------------------+-------+-------+-------+-------+-------++-------
Melee: Dagger            |    89 |   303 |   667 |  1610 |  1226 ||  3895
       Bite              |     4 |    30 |    92 |   264 |   292 ||   682
       Punch             |       |     5 |     8 |    37 |    24 ||    74
       Quick blade       |       |       |       |       |    57 ||    57
Throw: Dart              |       |     3 |       |    13 |    10 ||    26
       Throwing net      |       |       |       |       |     1 ||     1
 Cast: Confusing Touch   |       |     3 |     7 |    18 |     8 ||    36
       Tukima's Dance    |       |       |     3 |     2 |       ||     5
Invok: Shadow Step       |       |       |       |     1 |       ||     1
 Abil: Exsanguinate      |     1 |       |       |       |       ||     1
Evoke: Wand              |       |       |     1 |     1 |       ||     2
  Use: Potion            |     1 |     4 |     7 |     5 |    12 ||    29
       Scroll            |     3 |     8 |     7 |    10 |    14 ||    42
 Stab: Sleeping          |    24 |    22 |    29 |    55 |    52 ||   182
       Invisible         |     2 |       |     2 |       |     5 ||     9
       Confused          |       |     2 |     7 |    24 |     4 ||    37
       Distracted        |       |     1 |     2 |     3 |     5 ||    11
Armor: Robe              |    17 |       |       |       |       ||    17
       Leather armour    |     8 |    51 |    96 |       |       ||   155
       Steam dragon scal |       |       |    32 |   180 |    94 ||   306
       Acid dragon scale |       |       |       |       |    41 ||    41
Dodge: Dodged            |    38 |   187 |   476 |   900 |   652 ||  2253
Block: Tower shield      |       |       |       |       |    27 ||    27
       Buckler           |       |       |       |       |    24 ||    24

Table legend: (Time is in decaauts)
 A = Elapsed time spent in this place.
 B = Non-inter-level travel time spent in this place.
 C = Inter-level travel time spent in this place.
 D = Time resting spent in this place.
 E = Time spent auto-exploring this place.
 F = Levels seen in this place.
 G = Mean time per level.
                   A        B        C        D        E       F      G
               +--------+--------+--------+--------+--------+-----+--------+
         Total |  23857 |  23663 |    194 |   4260 |  10048 |  20 | 1192.8 |
       Dungeon |  14123 |  14122 |      1 |   1827 |   7036 |  12 | 1176.9 |
          Lair |   8695 |   8503 |    192 |   2233 |   2872 |   5 | 1739.0 |
        Bazaar |    257 |    257 |      0 |      0 |      0 |   1 |  257.0 |
       Ossuary |    409 |    409 |      0 |    112 |    140 |   1 |  409.0 |
        Bailey |    372 |    372 |      0 |     88 |      0 |   1 |  372.0 |
               +--------+--------+--------+--------+--------+-----+--------+

Top non-repeatable levels by time:
  Lair:5: 2461 daAuts
     D:4: 2399 daAuts
  Lair:2: 1875 daAuts
     D:8: 1854 daAuts
  Lair:3: 1835 daAuts
     D:5: 1749 daAuts
  Lair:1: 1378 daAuts
     D:7: 1237 daAuts
     D:9: 1166 daAuts
  Lair:4: 1145 daAuts
     D:1: 1083 daAuts
     D:6: 1010 daAuts
    D:10: 854 daAuts
    D:11: 852 daAuts
     D:3: 818 daAuts
